 Dungeon Crawl Stone Soup version 0.19-a0-1889-g9c603be (webtiles) character file.

5 Alarkh the Caller (level 1, -1/13 HPs)
             Began as a Mummy Summoner on Oct 17, 2016.
             Slain by a goblin
             ... wielding a +0 dagger
              (5 damage)
             ... on level 1 of the Dungeon.
             The game lasted 00:00:29 (389 turns).

Alarkh the Caller (Mummy Summoner)                   Turns: 389, Time: 00:00:30

Health: -1/13      AC:  3    Str: 11    XL:     1   Next: 66%
Magic:  0/3        EV: 12    Int: 14    God:
Gold:   25         SH:  0    Dex: 12    Spells: 1 memorised, 3 levels left

rFire  x . .     SeeInvis .     (no weapon)
rCold  + . .     Gourm    .     a - +0 robe
rNeg   + + +     Faith    .     (no shield)
rPois  ∞         Spirit   .     c - +0 helmet
rElec  .         Reflect  .     (no cloak)
rCorr  .         Harm     .     (no gloves)
MR     .....                    (no boots)
Stlth  ++........               (no amulet)
                                (no ring)
                                (no ring)

@: very slightly contaminated
A: no food or potions, fire vulnerability, cold resistance 1, negative energy
resistance 3, torment resistance, unbreathing
a: no special abilities


You were on level 1 of the Dungeon.
You were not hungry.

You visited 1 branch of the dungeon, and saw 1 of its levels.

You collected 25 gold pieces.

Inventory:

Armour
 a - a +0 robe (worn)
 c - a +0 helmet (worn)
Books
 b - a book of Callings

   Spells                             Type                      Level
   a - Summon Small Mammal            Summoning                    1
   b - Call Imp                       Summoning                    2
   c - Call Canine Familiar           Summoning                    3
   d - Summon Guardian Golem          Hexes/Summoning              3
   e - Summon Lightning Spire         Summoning/Air                4
   f - Summon Ice Beast               Ice/Summoning                4


   Skills:
 - Level 1.5 Dodging
 - Level 1.5 Stealth
 + Level 2.1 Spellcasting
 + Level 3.4 Summonings


You had 3 spell levels left.
You knew the following spells:

 Your Spells              Type           Power        Failure   Level  Hunger
a - Summon Small Mammal   Summ           ##..         10%         1    N/A

Dungeon Overview and Level Annotations

Branches:
Dungeon (1/15)

Altars:


Innate Abilities, Weirdness & Mutations

You do not eat or drink.
Your flesh is vulnerable to fire.
You are immune to poison.
Your flesh is cold resistant. (rC+)
You are immune to negative energy. (rN+++)
You are immune to unholy pain and torment.
You can survive without breathing.


Message History

The goblin hits you with a dagger.
Casting: Summon Small Mammal
Confirm with . or Enter, or press ? or * to list all spells.
You miscast Summon Small Mammal.
You are very lightly contaminated with residual magic.
Distant voices call out to you!
Your bat hits the giant cockroach but does no damage.
The giant cockroach bites you. The goblin misses you.
Your bat hits the giant cockroach but does no damage.
The giant cockroach closely misses you.
Casting: Summon Small Mammal
Confirm with . or Enter, or press ? or * to list all spells.
Your bat closely misses the giant cockroach.
The goblin hits you but does no damage.
The giant cockroach bites you but does no damage.
Unknown command.
Your bat closely misses the giant cockroach.
The goblin hits you with a dagger.
Your rat barely misses the goblin.
Your bat closely misses the goblin.
The goblin hits you with a dagger.
You die...

..###############
........##.....##
...............##
................#
.##................#
...##..............#
##...##............#
........@...........#####
...##..sg#...............
......#.r#...........##..
......b...#.......#####.#
$......#..#...†########.#
.......#...#..[.# #....#
.........#.#..#.# ##.#...
##...!...#..#...# #......
............#.!.###.#....


You could see a giant cockroach, a goblin, a friendly bat and a friendly rat.

Vanquished Creatures
  A dart slug (D:1)
  A giant cockroach (D:1)
  A rat (D:1)
3 creatures vanquished.

Vanquished Creatures (collateral kills)
  A leopard gecko (D:1)
1 creature vanquished.

Grand Total: 4 creatures vanquished

Notes
Turn   | Place    | Note
-------+----------+-------------------------------------------
     0 | D:1      | Alarkh the Mummy Summoner began the quest for the Orb.
     0 | D:1      | Reached XP level 1. HP: 13/13 MP: 3/3
   389 | D:1      | Slain by a goblin

Vault maps used:
D:1:      minmay_arrival_solitary_statue, serial_glass, glass_columns_a,
          glass_columns_a, hangedman_decor_peaks_small

Action                   || total
-------------------------++-------
Melee: Unarmed           ||    26
 Cast: Summon Small Mamm ||     9
Armor: Robe              ||     6
Dodge: Dodged            ||    19
